cohdb
Replays
Latest Replays
All Replays
Popular Replays
Top Player Replays
Match Explorer
How It Works
Community
CoH3 Stats
Reddit
Sign in to upload your games and track your stats! →
Sign in with Steam
Match 43539229
Unlisted
Match 43539229
Overview
Messages
Build Orders
End
Kradschützen Motorcycle Team
Selects Panzerjäger Kommand Battlegroup
Selects Blockade Equipment
Panzergrenadier Squad
250 Light Carrier
Panzergrenadier Squad
Selects Tank Busters
Panzerpioneer Squad
Construct Light Support Kompanie
Fire Support Elements
Selects Defensive Positions
Panzerjäger Mechanized Group
Flakvierling Half-track
Veteran Squad Leaders
Selects Crew Shock Tactics
Assault Grenadier Squad
Construct Panzerarmee Kommand
Dominik
beniu
rudewoi
Only Furb
0
0
Comments
sign in to comment!
No comments posted yet!